 Dungeon Crawl Stone Soup version 0.27-a0-385-g3208abaabc (webtiles) character file.

Game seed: 8373225658859268031

2167 Lobster4 the Destroyer (level 9, -10/49 HPs)
             Began as a Deep Elf Conjurer on Feb 19, 2021.
             Mangled by an orc knight
             ... wielding a +0 war axe
              (36 damage)
             ... in a bailey.
             The game lasted 00:23:32 (7165 turns).

Lobster4 the Destroyer (Deep Elf Conjurer)          Turns: 7165, Time: 00:23:32

Health: -10/49     AC:  5    Str:  4    XL:     9   Next: 10%
Magic:  14/21      EV: 19    Int: 27    God:
Gold:   710        SH:  0    Dex: 13    Spells: 12/22 levels left

rFire    . . .     SeeInvis .   b - +0 longbow
rCold    . . .     Faith    .   (shield currently unavailable)
rNeg     . . .     Spirit   .   g - +0 robe
rPois    .         Reflect  .   H - +0 helmet
rElec    .         Harm     .   (no cloak)
rCorr    .         Rampage  .   F - +0 pair of gloves
Will     .....                  I - +0 pair of boots
Stlth    ++........             (no amulet)
HPRegen  0.16/turn              p - ring of wizardry
MPRegen  0.17/turn              y - +4 ring of evasion

@: no status effects
A: no striking features
a: no special abilities


You were in a bailey.
You visited 2 branches of the dungeon, and saw 8 of its levels.
You also visited: Bailey.

You collected 836 gold pieces.
You spent 126 gold pieces at shops.

Inventory:

Hand Weapons
 a - a +1 whip of venom
 b - a +0 longbow (weapon)
 c - a +0 battleaxe
 i - a +0 dagger
 C - a +1 dagger of electrocution
 D - a +2 falchion of freezing
Missiles
 d - 110 arrows (quivered ammo)
 f - 208 stones
Armour
 g - a +0 robe (worn)
 t - a +0 leather armour
 F - a +0 pair of gloves (worn)
 H - a +0 helmet (worn)
 I - a +0 pair of boots (worn)
Magical Staves
 K - a staff of death {unknown}
Jewellery
 p - a ring of wizardry (left hand)
 y - a +4 ring of evasion (right hand)
Wands
 z - a wand of random effects (41)
 A - a wand of iceblast (4)
 E - a wand of flame (23)
Scrolls
 j - 3 scrolls of teleportation {unknown}
 k - 2 scrolls of magic mapping {unknown}
 m - a scroll of noise {unknown}
 q - a scroll of enchant armour {unknown}
 r - a scroll of amnesia {unknown}
 s - a scroll of immolation {unknown}
 v - 2 scrolls of enchant weapon {unknown}
 J - a scroll of random uselessness {unknown}
Potions
 h - 3 potions of curing
 n - a potion of brilliance
 o - a potion of haste
 u - a potion of lignification
 w - 2 potions of might
 x - a potion of berserk rage
 B - a potion of cancellation


   Skills:
 + Level 2.3 Fighting
 + Level 4.0 Bows
 + Level 0.7 Armour
 + Level 5.9 Dodging
 - Level 3.0 Stealth
 + Level 7.0 Spellcasting
 * Level 8.8 Conjurations
 + Level 5.5 Hexes
 + Level 2.8 Evocations


You had 12 spell levels left.
You knew the following spells:

 Your Spells              Type           Power        Failure   Level
a - Magic Dart            Conj           100%         1%          1
b - Searing Ray           Conj           100%         1%          2
c - Fulminant Prism       Conj/Hex       24%          1%          4
d - Dazzling Flash        Conj/Hex       96%          1%          3

Your spell library contained the following spells:

 Spells                   Type           Power        Failure   Level
 Iskenderun's Mystic Bla  Conj/Tloc      33%          4%          4


Dungeon Overview and Level Annotations

Branches:
Dungeon (7/15)             Temple (1/1) D:6          Bailey (1/1)

Altars:
Ashenzari
Cheibriados
Dithmenos
Elyvilon
Fedhas
Gozag
Hepliaklqana
Kikubaaqudgha
Makhleb
Nemelex Xobeh
Okawaru
Qazlal
Ru
Sif Muna
Trog
Uskayaw
Wu Jian
Xom
Yredelemnul
Zin
The Shining One

Shops:
D:4 *   D:5 [


Message History

The orc warrior is almost dead.
The orc warrior hits you with a +0 broad axe.
Your magical contamination has completely faded away.
Without enough magic to sustain it, your searing ray dissipates.
An orc knight comes into view. It is wielding a +0 battleaxe.
Magic courses through your body.
The orc warrior hits you with a +0 broad axe!!
The orc knight roars a battlecry!
The orcs go into a battle-frenzy!
Casting: Searing Ray (safe; 1% risk of failure)
Confirm with . or Enter, or press ? or * to list all spells.
Aiming: Searing Ray (safe; 1% risk of failure)
Press: ? - help, Shift-Dir - straight line, f/p - orc warrior
Aim: an orc warrior, wielding a +0 broad axe and wearing a +0 plate armour (almost dead, strong, 17% to evade)
The searing ray hits the orc warrior!
You kill the orc warrior!
The searing ray hits the orc knight!
The orc knight is lightly wounded. (Press . to maintain the ray.)
Your Bows skill increases to level 4!
Your Spellcasting skill increases to level 7!
The searing ray hits the orc knight!
The orc knight is heavily wounded.
The searing ray misses the orc warrior.
An orc warrior comes into view. It is wielding a +0 hand axe.
The searing ray hits the orc knight!
The orc knight is severely wounded.
The searing ray misses the orc warrior.
The orc knight roars a battlecry!
The orc knight goes into a battle-frenzy!
The searing ray hits the orc knight.
The orc knight is severely wounded.
The searing ray hits the orc warrior.
The orc warrior is lightly wounded.
The searing ray misses the orc knight.
You finish channeling your searing ray.
The sentinel's mark upon you fades away.
An orc warrior comes into view. It is wielding a +0 war axe.
The orc knight hits you with a +0 war axe!!!
Ouch! That really hurt!
You die...

#≈.≈#
.≈o≈K
##≈.≈##
(≈o≈(
#≈o≈#
≈)≈
##o##
##.o.##
#8^@^8#
##.∩.##
##8##
###


You could see 2 orc knights, 3 orc warriors and a kobold.

Vanquished Creatures
  3 orc warriors
  2 sky beasts (D:6)
  3 ogres
  4 bullfrogs
  A gnoll sergeant (D:6)
  4 scorpions
  A howler monkey (D:4)
  A bullfrog zombie (D:5)
  An orc priest (D:5)
  5 hounds
  7 orc wizards
  3 iguanas
  6 worker ants
  8 adders
  3 gnolls (D:6)
  A shadow imp (D:5)
  2 ufetubi (D:6)
  2 oozes
  A worm (D:5)
  A dart slug (D:1)
  2 leopard geckos
  30 orcs
  4 ball pythons
  9 bats
  7 giant cockroaches
  12 goblins
  7 hobgoblins
  2 jackals (D:1)
  12 kobolds
  A quokka (D:3)
  4 frilled lizards
  A quokka skeleton (D:4)
  11 rats
161 creatures vanquished.

Vanquished Creatures (others)
  An orc wizard (D:3)
1 creature vanquished.

Grand Total: 162 creatures vanquished

Notes
Turn   | Place    | Note
-------+----------+-------------------------------------------
     0 | D:1      | Lobster4 the Deep Elf Conjurer began the quest for the Orb.
     0 | D:1      | Reached XP level 1. HP: 10/10 MP: 6/6
   258 | D:1      | Reached XP level 2. HP: 14/15 MP: 2/8
   262 | D:1      | Learned a level 2 spell: Searing Ray
   844 | D:1      | Reached XP level 3. HP: 19/19 MP: 1/9
  1193 | D:1      | Reached skill level 5 in Conjurations
  1711 | D:2      | Reached XP level 4. HP: 24/24 MP: 7/11
  2158 | D:2      | Learned a level 4 spell: Fulminant Prism
  2569 | D:3      | Found an iron altar of Okawaru.
  2750 | D:3      | Reached skill level 1 in Hexes
  2754 | D:3      | Reached XP level 5. HP: 21/28 MP: 1/13
  3087 | D:4      | Noticed an ogre
  3093 | D:4      | Killed an ogre
  3094 | D:4      | Reached skill level 6 in Conjurations
  3206 | D:4      | Reached XP level 6. HP: 32/32 MP: 6/15
  3337 | D:4      | Found Wenkis's Assorted Antiques.
  3343 | D:4      | Reached skill level 5 in Spellcasting
  3796 | D:4      | Reached skill level 7 in Conjurations
  3796 | D:4      | Reached XP level 7. HP: 36/36 MP: 3/17
  3940 | D:4      | Bought a longbow for 126 gold pieces
  4229 | D:5      | Entered Level 5 of the Dungeon
  4490 | D:5      | Reached skill level 1 in Bows
  5183 | D:5      | Reached skill level 1 in Fighting
  5303 | D:5      | Found Zogiwaw's Armour Shoppe.
  5484 | D:5      | Reached XP level 8. HP: 43/43 MP: 12/19
  5485 | D:5      | Reached skill level 5 in Dodging
  5621 | D:5      | Reached skill level 1 in Evocations
  5775 | D:5      | Reached skill level 8 in Conjurations
  6072 | D:6      | Reached skill level 5 in Hexes
  6337 | D:6      | Learned a level 3 spell: Dazzling Flash
  6556 | D:6      | Found a staircase to the Ecumenical Temple.
  6669 | D:6      | Reached XP level 9. HP: 48/48 MP: 13/21
  6674 | Temple   | Entered the Ecumenical Temple
  7126 | D:7      | Found a flagged portal.
  7132 | Bailey   | Entered a bailey
  7133 | Bailey   | Identified a scroll of acquirement
  7134 | Bailey   | Acquired 521 gold pieces
  7156 | Bailey   | Noticed an orc knight
  7160 | Bailey   | Noticed an orc knight
  7165 | Bailey   | Mangled by an orc knight

Illustrated notes

Levels and vault maps discovered:
D:1:      lightli_arrival_noodles, layout_basic, minmay_pentomino_o4
D:2:      layout_basic
D:3:      layout_rooms, okawaru_gym_becter
D:4:      layout_cave_pools, serial_rivers, chequers_serial_rivers_micro_c,
          chequers_serial_rivers_small_3, chequers_serial_rivers_room_b,
          chequers_serial_rivers_micro_d, chequers_serial_rivers_room_a,
          chequers_serial_rivers_micro_c, minmay_shop_grid_forest,
          minmay_liquid_box
D:5:      minmay_chambers_of_fours, layout_gridville, serial_shops,
          kennysheep_little_box
D:6:      layout_rooms, minmay_temple_entry_large_hall
D:7:      gammafunk_wand_slinger, layout_cave_pools, serial_column_ruins,
          column_ruins_pillar_5, column_ruins_pillar_4, column_ruins_pillar_7,
          column_ruins_pillar_6, column_ruins_pillar_11, column_ruins_pillar_1,
          column_ruins_pillar_6, column_ruins_pillar_2, column_ruins_pillar_6,
          column_ruins_pillar_2, column_ruins_pillar_1, column_ruins_pillar_1,
          column_ruins_pillar_4, column_ruins_pillar_2, column_ruins_pillar_9,
          column_ruins_pillar_3, column_ruins_pillar_3, column_ruins_pillar_1,
          column_ruins_pillar_3, enter_bailey_2, basic_altar, uniq_maggie
Temple:   compressed_dpeg_triangle_lava_temple
Bailey:   bailey_axe_1, bailey

Skill      XL: |  1  2  3  4  5  6  7  8  9 |
---------------+----------------------------+-----
Stealth        | 3 |  3.0
Dodging        | 3 4 5 |  5.9
Conjurations   | 5 6 7 8 |  8.8
Spellcasting   | 4 5 6 7 |  7.0
Hexes          | 1 2 3 4 5 |  5.5
Bows           | 2 3 4 |  4.0
Fighting       | 1 2 |  2.3
Evocations     | 2 |  2.8
Armour         | |  0.7

Action                   |  1- 3 |  4- 6 |  7- 9 || total
-------------------------+-------+-------+-------++-------
 Fire: Hunting sling     |     3 |       |       ||     3
       Longbow           |       |       |    14 ||    14
 Cast: Magic Dart        |    75 |    73 |    90 ||   238
       Searing Ray       |       |    19 |    47 ||    66
Evoke: Wand              |       |       |     1 ||     1
  Use: Scroll            |       |       |    10 ||    10
       Potion            |       |       |     3 ||     3
Armor: Robe              |     6 |       |     1 ||     7
Dodge: Dodged            |     5 |    13 |    31 ||    49

Table legend: (Time is in decaauts)
 A = Elapsed time spent in this place.
 B = Non-inter-level travel time spent in this place.
 C = Inter-level travel time spent in this place.
 D = Time resting spent in this place.
 E = Time spent auto-exploring this place.
 F = Levels seen in this place.
 G = Mean time per level.
                   A        B        C        D        E       F      G
               +--------+--------+--------+--------+--------+-----+--------+
         Total |   7181 |   6846 |    335 |   1292 |   4623 |   9 |  797.9 |
       Dungeon |   6766 |   6440 |    326 |   1292 |   4260 |   7 |  966.6 |
        Temple |    381 |    372 |      9 |      0 |    363 |   1 |  381.0 |
        Bailey |     32 |     32 |      0 |      0 |      0 |   1 |   32.0 |
               +--------+--------+--------+--------+--------+-----+--------+

Top non-repeatable levels by time:
     D:5: 1558 daAuts
     D:1: 1360 daAuts
     D:2: 1053 daAuts
     D:4: 1016 daAuts
     D:3: 954 daAuts
     D:6: 818 daAuts
  Temple: 381 daAuts
  Bailey: 32 daAuts
     D:7: 5 daAuts
